 Dungeon Crawl Stone Soup version 0.31-a0-234-gad7ace16ef (webtiles) character file.

Game seed: 295152336968965867

240 qw the Shooter (level 6, -1/37 HPs)
             Began as a Gargoyle Hexslinger on July 9, 2023.
             Slain by a steam dragon (3 damage)
             ... on level 3 of the Dungeon.
             The game lasted 00:00:57 (1900 turns).

qw the Shooter (Gargoyle Hexslinger)                Turns: 1900, Time: 00:00:57

Health: -1/37      AC:  6    Str: 11    XL:     6   Next: 8%
Magic:  7/7        EV: 12    Int: 14    God:
Gold:   130        SH:  0    Dex: 20    Spells: 6/7 levels left

rFire   . . .        Y - +1 sling
rCold   + . .        (no shield)
rNeg    + . .        c - +0 robe
rPois   inf          (no helmet)
rElec   +            (no cloak)
rCorr   .            (no gloves)
SInv    .            (no boots)
Will    .....        (no amulet)
Stlth   ++           d - ring of protection from cold
HPRegen 0.26/turn    k - +6 ring of dexterity
MPRegen 0.10/turn

%: no passive effects
@: about to teleport
A: sickness immunity, AC +4, negative energy resistance 1, electricity
resistance, torment resistance 1, petrification resistance
a: no special abilities


You were on level 3 of the Dungeon.
You visited 1 branch of the dungeon, and saw 4 of its levels.

You collected 130 gold pieces.


Innate Abilities, Weirdness & Mutations

You are immune to sickness and miasma.
Your stone body is resilient. (AC +4)
You are immune to poison.
You resist negative energy. (rN+)
You are resistant to electric shocks. (rElec)
You are resistant to unholy torment.
You are immune to petrification.


   Skills:
 - Level 3.3 Fighting
 + Level 5.3 Ranged Weapons
 - Level 1.5 Dodging
 - Level 1.0 Spellcasting
 - Level 2.6 Hexes


You had 6 spell levels left.
You knew the following spells:

 Your Spells              Type           Power      Damage    Failure   Level
a - Slow                  Hex            32%        N/A       9%          1

Your spell library contained the following spells:

 Spells                   Type           Power      Damage    Failure   Level
 Inner Flame              Hex/Fire       4%         N/A       41%         3
 Portal Projectile        Hex/Tloc       8%         N/A       41%         3
 Cause Fear               Hex            4%         N/A       65%         4

Inventory:

Hand Weapons
 Y - a +1 sling (weapon)
Armour
 c - a +0 robe (worn)
 h - a +0 leather armour
Jewellery
 d - a ring of protection from cold (left hand)
 k - a +6 ring of dexterity (right hand)
Scrolls
 a - 3 scrolls of identify
 e - 2 scrolls of teleportation
Potions
 b - a potion of resistance
 f - a potion of curing
 g - a potion of might
 j - a potion of heal wounds

Dungeon Overview and Level Annotations

Branches:
Dungeon (4/15)
 Temple: D:4-7

Altars:
Uskayaw

Shops:
D:1 =


Message History

You kill the adder!
1889 ||| Stepping ~*~*~tactically~*~*~ (outnumbered).
Enter note:
Enter note:
Enter note:
Enter note:
Enter note:
Enter note: You shoot a sling bullet.
Something hits you but does no damage.
You shoot a sling bullet. Something hits you but does no damage.
You shoot a sling bullet. Something hits you.
Something hits you but does no damage.
You shoot a sling bullet. The sling bullet hits the plant!
The plant begins to die.
The plant is lightly damaged.
Something hits you but does no damage.
You shoot a sling bullet. Something hits you but does no damage.
You shoot a sling bullet. Something hits you.
You shoot a sling bullet.
A nearby plant withers and dies.
Something hits you.
You shoot a sling bullet. Something hits you but does no damage.
You shoot a sling bullet. Something hits you but does no damage.
You shoot a sling bullet.
Reactivating autopickup.
You feel a bit more experienced. The steam dragon bites you!
The steam dragon claws you but does no damage.
You have reached level 6!
1900 ||| READING 3 scrolls of teleportation.
As you read the scroll of teleportation, it crumbles to dust.
You feel strangely unstable.
The steam dragon bites you but does no damage.
The steam dragon claws you.
You die...

#...........#
######.#.####
#.#.# #.#.#
#.#.# #.#.#
########...##
#..P..P.....#
#...@...P.#
#..####D..P.#
#.....)###..#
#..Po.D ####
#.$.}P.
#.P.}}P
#.....~
.....P.
#......


You could see a steam dragon.

Vanquished Creatures
  A hound (D:3)
  3 orc wizards
  3 gnolls
  4 adders
  3 worms
  A dart slug (D:4)
  6 orcs
  4 endoplasms
  2 giant cockroaches
  7 goblins
  2 hobgoblins (D:2)
  3 kobolds
  3 quokkas
  5 ball pythons
  7 bats
  A frilled lizard (D:3)
  5 rats
60 creatures vanquished.

Notes
Turn   | Place    | Note
-------+----------+-------------------------------------------
     0 | D:1      | qw the Gargoyle Hexslinger began the quest for the Orb.
     0 | D:1      | Reached XP level 1. HP: 12/12 MP: 2/2
     0 | D:1      | 0 ||| qw: Version: 0.3-a-51-g015441d
     0 | D:1      | 0 ||| qw: Game counter: 4330
     0 | D:1      | 0 ||| qw: Melee chars always use a shield: true
     0 | D:1      | 0 ||| qw: God list: Okawaru
     0 | D:1      | 0 ||| qw: Allow faded altars: false
     0 | D:1      | 0 ||| qw: Do Orc after clearing Dungeon:15 true
     0 | D:1      | 0 ||| qw: Do second Lair branch before Depths: true
     0 | D:1      | 0 ||| qw: Lair rune preference: random
     0 | D:1      | 0 ||| qw: Goals: Normal
     0 | D:1      | 0 ||| PLANNING D:1-11
   225 | D:1      | Reached XP level 2. HP: 16/16 MP: 3/3
   302 | D:1      | Found Goof's Jewellery Emporium.
   325 | D:1      | 325 ||| SHOPLISTING +4 ring of slaying (780 gold, have 20).
   325 | D:1      | 325 ||| SHOPLISTING +6 ring of dexterity (360 gold, have
                  | 20).
   325 | D:1      | 325 ||| SHOPLISTING amulet of regeneration (300 gold, have
                  | 20).
   325 | D:1      | 325 ||| SHOPLISTING ring of fire (250 gold, have 20).
   400 | D:1      | 400 ||| UPGRADING to ring of protection from cold.
   401 | D:1      | 401 ||| UPGRADING to +6 ring of dexterity.
   402 | D:1      | 402 ||| READING scroll labelled JIM ALEXKO.
   403 | D:1      | 403 ||| READING 3 scrolls labelled CEICKA FEURCHOF.
   404 | D:1      | 404 ||| READING scroll labelled RUH CENUHUT.
   409 | D:1      | 409 ||| READING scroll labelled HENAME VOSEY.
   410 | D:1      | 410 ||| DRINKING 2 bubbling emerald potions.
   411 | D:1      | 411 ||| DROPPING scroll of poison.
   412 | D:1      | 412 ||| DROPPING 2 scrolls of fog.
   435 | D:2      | Reached skill level 3 in Ranged Weapons
   483 | D:2      | You fall into a shaft and drop 2 floors!
   505 | D:4      | Reached XP level 3. HP: 12/22 MP: 4/4
   535 | D:4      | Reached XP level 4. HP: 24/27 MP: 5/5
   754 | D:4      | 754 ||| DRINKING 2 fizzy golden potions.
   755 | D:4      | 755 ||| READING 3 scrolls of identify.
   755 | D:4      | 755 ||| IDENTIFYING red potion
   923 | D:2      | Reached skill level 4 in Ranged Weapons
   991 | D:2      | Reached XP level 5. HP: 32/32 MP: 6/6
  1002 | D:2      | 1002 ||| FLEEEEING.
  1004 | D:2      | 1004 ||| FLEEEEING.
  1005 | D:2      | 1005 ||| FLEEEEING.
  1006 | D:2      | 1006 ||| FLEEEEING.
  1007 | D:2      | 1007 ||| FLEEEEING.
  1008 | D:2      | 1008 ||| FLEEEEING.
  1009 | D:2      | 1009 ||| FLEEEEING.
  1010 | D:2      | 1010 ||| FLEEEEING.
  1011 | D:2      | 1011 ||| FLEEEEING.
  1012 | D:2      | 1012 ||| FLEEEEING.
  1013 | D:2      | 1013 ||| FLEEEEING.
  1014 | D:2      | 1014 ||| FLEEEEING.
  1015 | D:2      | 1015 ||| FLEEEEING.
  1016 | D:2      | 1016 ||| FLEEEEING.
  1017 | D:2      | 1017 ||| FLEEEEING.
  1018 | D:2      | 1018 ||| FLEEEEING.
  1019 | D:2      | 1019 ||| FLEEEEING.
  1020 | D:2      | 1020 ||| FLEEEEING.
  1021 | D:2      | 1021 ||| STAIRDANCE
  1047 | D:2      | 1047 ||| STAIRDANCE
  1093 | D:1      | 1093 ||| READING scroll labelled XUUXZE EKIVVO.
  1362 | D:2      | 1362 ||| READING scroll labelled REOQIMEPAIMM.
  1363 | D:2      | 1363 ||| READING scroll labelled KEUMUH ZESOPOI.
  1364 | D:2      | 1364 ||| READING 4 scrolls of identify.
  1364 | D:2      | 1364 ||| IDENTIFYING orange potion
  1482 | D:3      | Found a hide-covered altar of Uskayaw.
  1739 | D:3      | Reached skill level 5 in Ranged Weapons
  1880 | D:3      | Reached skill level 3 in Fighting
  1882 | D:3      | Noticed a steam dragon
  1889 | D:3      | 1889 ||| Stepping ~*~*~tactically~*~*~ (outnumbered).
  1896 | D:3      | HP: 7/32 [something (2)]
  1899 | D:3      | HP: 1/32 [steam dragon (7)]
  1900 | D:3      | Reached XP level 6. HP: 1/37 MP: 7/7
  1900 | D:3      | 1900 ||| READING 3 scrolls of teleportation.
  1900 | D:3      | Slain by a steam dragon

Levels and vault maps discovered:
D:1:      psy_arrival_dodecagon, layout_basic, serial_shops, shop
D:2:      layout_basic, minmay_misc_feat_square, hangedman_decor_push
D:3:      layout_loops_ring, nicolae_uskayaw_suspiria,
          shapermc_ecumenical_altar_mp_ritualfount, minmay_cupped
D:4:      layout_loops_corners, nicolae_tso_swordbearing_angel

Skill      XL: |  1  2  3  4  5 |
---------------+----------------+-----
Ranged Weapons | 3 4 5 |  5.3
Fighting       | 2 3 |  3.3
Dodging        | |  1.5
Spellcasting   | |  1.0
Hexes          | |  2.6

Action                     |  1- 3 |  4- 6 || total
---------------------------+-------+-------++-------
   Fire: Sling             |    59 |   166 ||   225
    Use: Scroll            |     4 |     6 ||    10
         Potion            |     1 |     1 ||     2
 Armour: Robe              |    13 |    30 ||    43
  Dodge: Dodged            |    10 |    43 ||    53

Table legend:
 A = Non-vault XP
 B = Vault XP
 C = Vault XP percentage of total XP
 D = Non-vault monster count
 E = Vault monster count
 F = Vault count percentage of total count
                 A         B        C        D         E       F
            +---------+---------+-------+---------+---------+-------
      Total |     331 |      13 |   3.8 |      59 |       1 |   1.7
            +---------+---------+-------+---------+---------+-------
        D:1 |      32 |       0 |   0.0 |      13 |       0 |   0.0
        D:2 |     109 |       0 |   0.0 |      24 |       0 |   0.0
        D:3 |     104 |      13 |  11.1 |      15 |       1 |   6.2
        D:4 |      86 |       0 |   0.0 |       7 |       0 |   0.0
            +---------+---------+-------+---------+---------+-------
